 Dungeon Crawl Stone Soup version 0.26-a0-642-g67e99244d3 (webtiles) character file.

Game seed: 15879013642422803270

182 DogServant the Covered (level 5, 0/34 HPs)
             Began as a Gargoyle Fighter on Sept 23, 2020.
             Killed by divine providence
             ... invoked by an orc priest
              (13 damage)
             ... on level 3 of the Dungeon.
             The game lasted 00:03:40 (2266 turns).

DogServant the Covered (Gargoyle Fighter)           Turns: 2266, Time: 00:03:41

Health: 0/34       AC: 11    Str: 21    XL:     5   Next: 61%
Magic:  5/5        EV:  7    Int:  8    God:
Gold:   206        SH: 10    Dex:  9    Spells: 4/4 levels left

rFire    . . .     SeeInvis .   f - +1 whip (elec)
rCold    . . .     Faith    .   c - +1 kite shield
rNeg     + . .     Spirit   .   b - +0 scale mail
rPois    ∞         Reflect  .   (no helmet)
rElec    +         Harm     .   (no cloak)
rCorr    .         Rampage  .   (no gloves)
MR       .....                  (no boots)
Stlth    ..........             (no amulet)
HPRegen  0.11/turn              (no ring)
MPRegen  0.09/turn              (no ring)

@: no status effects
A: negative energy resistance 1, electricity resistance, unbreathing,
petrification resistance, rot immunity, AC +4
a: no special abilities


You were on level 3 of the Dungeon.
You visited 1 branch of the dungeon, and saw 3 of its levels.

You collected 206 gold pieces.

Inventory:

Hand Weapons
 f - a +1 whip of electrocution (weapon)
Armour
 b - a +0 scale mail (worn)
 c - a +1 kite shield (worn)
 o - a scarf of resistance
 p - a scarf of harm
Jewellery
 g - an uncursed amulet of the acrobat {unknown}
Scrolls
 h - 2 scrolls of identify
 j - a scroll of enchant armour
 k - 3 scrolls of remove curse
 n - a scroll of blinking {unknown}
Potions
 a - a potion of curing {unknown}
 d - a potion of haste
 e - a potion of resistance {unknown}
 i - a potion of cancellation {unknown}
 l - a potion of stabbing {unknown}
 m - a potion of lignification {unknown}


   Skills:
 + Level 4.5 Fighting
 + Level 3.6 Maces & Flails
 + Level 4.7 Armour
 + Level 3.3 Shields


You had 4 spell levels left.
You didn't know any spells.
Your spell library was empty.

Dungeon Overview and Level Annotations

Branches:
Dungeon (3/15)

Altars:
Uskayaw
The Shining One


Innate Abilities, Weirdness & Mutations

You are resistant to torment.
Your stone body is resilient. (AC +4)
You are immune to poison.
You resist negative energy. (rN+)
You are resistant to electric shocks. (rElec)
You can survive without breathing.
You are immune to petrification.
You are immune to rotting.


Message History

You closely miss the orc. You block the orc's attack.
The orc hits you but does no damage.
You hit the orc. Lightning courses through the orc!
You kill the orc!
The orc priest mumbles some strange prayers to Beogh against you.
Beogh smites you! The orc hits you but does no damage.
The orc priest hits you but does no damage.
You block the orc's attack.
Things that are here:
a +0 ring mail; an orc corpse You hit the orc priest.
The orc priest is moderately wounded.
The orc priest mumbles some strange prayers to Beogh against you.
Beogh smites you! The orc hits you but does no damage.
You hit the orc priest.
Lightning courses through the orc priest!
The orc priest is almost dead.
The orc priest calls down the wrath of Beogh upon you.
Beogh smites you!
You die...

# #### .######
#..######## ......#
#.........#
......########.#o......#
................@o.....#
......#######.##.......#
...).[#### #..##...(...#
..†).....###.###########
<(.....#...#.###########
().....................#
......####........<....#
####.## ###.#.........#
## #.## #†#.........#


You could see an orc priest and an orc.

Vanquished Creatures
  A phantom (D:2)
  3 adders
  3 worms (D:3)
  A leopard gecko (D:2)
  6 orcs (D:3)
  A ball python (D:3)
  3 giant cockroaches
  6 hobgoblins
  8 jackals
  6 kobolds
  A quokka (D:3)
  2 bats
  2 frilled lizards
  5 goblins
  3 rats
51 creatures vanquished.

Notes
Turn   | Place    | Note
-------+----------+-------------------------------------------
     0 | D:1      | DogServant the Gargoyle Fighter began the quest for the
                  | Orb.
     0 | D:1      | Reached XP level 1. HP: 14/14 MP: 1/1
   347 | D:1      | Reached XP level 2. HP: 19/19 MP: 2/2
   999 | D:2      | Reached XP level 3. HP: 14/23 MP: 3/3
  1268 | D:2      | Noticed a phantom
  1315 | D:2      | Killed a phantom
  1315 | D:2      | Reached XP level 4. HP: 12/29 MP: 4/4
  1315 | D:2      | Reached XP level 5. HP: 14/33 MP: 5/5
  1682 | D:2      | Found a hide-covered altar of Uskayaw.
  1962 | D:3      | Found a glowing golden altar of the Shining One.
  2266 | D:3      | Killed from afar by an orc priest

Illustrated notes

Levels and vault maps discovered:
D:1:      sevenhm_arrival_forest_fort_large_2, layout_basic
D:2:      layout_loops_ring, eat_drink_and_be_merry_uskayaw
D:3:      layout_rooms, nicolae_overflow_crystal_walls,
          lightli_sewer_entry_pipes, chequers_serial_rivers_micro_b,
          grunt_qazlal_sundering

Skill      XL: |  1  2  3 |
---------------+----------+-----
Fighting       | 4 |  4.5
Maces & Flails | 3 |  3.6
Armour         | 4 |  4.7
Shields        | |  3.3

Action                   |  1- 3 |  4- 6 || total
-------------------------+-------+-------++-------
Melee: Flail             |   110 |    44 ||   154
       Whip              |       |    53 ||    53
  Use: Potion            |     1 |       ||     1
       Scroll            |       |     5 ||     5
Armor: Scale mail        |    54 |    48 ||   102
Dodge: Dodged            |    43 |    29 ||    72
Block: Kite shield       |    63 |    66 ||   129

Table legend: (Time is in decaauts)
 A = Elapsed time spent in this place.
 B = Non-inter-level travel time spent in this place.
 C = Inter-level travel time spent in this place.
 D = Time resting spent in this place.
 E = Time spent auto-exploring this place.
 F = Levels seen in this place.
 G = Mean time per level.
                   A        B        C        D        E       F      G
               +--------+--------+--------+--------+--------+-----+--------+
         Total |   2319 |   2283 |     36 |    166 |   1652 |   3 |  773.0 |
       Dungeon |   2319 |   2283 |     36 |    166 |   1652 |   3 |  773.0 |
               +--------+--------+--------+--------+--------+-----+--------+

Top non-repeatable levels by time:
     D:1: 1007 daAuts
     D:2: 928 daAuts
     D:3: 383 daAuts
